Match 41535452
Unlisted

Match 41535452
End
Pioneer Squad
Construct Infanterie Kompanie
Selects Breakthrough Battlegroup
Selects Assault Grenadiers
Grenadier Squad
Grenadier Squad
GrW 34 Mortar Team
Construct Panzergrenadier Kompanie
Grenadier Squad
Selects 2.5-tonne Cargo Truck
Construct Panzer Kompanie
Pak 40 Anti-tank Gun Team
Selects Blitzkrieg
Panzer IV Medium Tank
Panzer IV Medium Tank
Panzer IV Medium Tank
Selects Panzer IV Command Tank Sd.Kfz. 161/1
Panzergrenadier Squad
MG 42 Bunker
Panzer IV Command Tank
Pioneer Squad
Side Skirts
Blitzkrieg
Panzer IV Medium Tank
Hatsune Miku Fan
Slim
-=Thrawn=-
Geto did nothing wrong
dicktation
Obung
finneranbilly
WarLion
0
0

Comments sign in to comment!

No comments posted yet!